Map: [ESL] Hecate

Players

YoungYakov

  • Race: Zerg Zerg
  • League: Grandmaster
  • Spawn Location: 1:00

SKillous - Winner!

  • Race: Protoss Protoss
  • League: Grandmaster
  • Spawn Location: 7:00

Event: IEM Katowice 2024

VOD

Have the link to the VOD?

Description

Time

  • Played on: Dec. 8, 2023, 12:42 p.m.
  • Length: 11:25

All games in this series

Show
View Real Time Build Order
Export as new Build Order

YoungYakov Zerg 

Build Orders: Hatch First, Lurkers 

Get SALT Encoding   

  12  0:00  Drone  
  13  0:08  Drone  
  14  0:32  Hatchery  
  13  0:38  Extractor  
  13  0:39  Drone  
  14  0:53  Spawning Pool  
  13  0:57  Drone  
  13  1:02  Extractor  
  13  1:03  Drone  
  15  1:10  Overlord  
  15  1:29  Drone  
  16  1:40  Zergling x4  
  16  1:41  Zergling x2, Queen  
  16  1:44  Zergling x2  
  22  1:49  Queen  
  22  1:53  Zergling x2  
  25  1:57  Drone  
  26  2:03  Overlord  
  26  2:07  Drone  
  27  2:14  Drone  
  28  2:21  Queen  
  28  2:22  Drone  
  31  2:24  Drone  
  31  2:28  Drone  
  33  2:34  Overlord  
  32  2:38  Extractor  
  32  2:39  Drone  
  31  2:45  Drone  
  31  2:50  Drone x3  
  35  2:56  Drone  
  36  3:00  Drone x2  
  39  3:05  Drone x3  
  41  3:15  Hatchery  
  40  3:20  Overlord  
  40  3:23  Drone x2  
  42  3:28  Drone x2  
  44  3:37  Overlord  
  44  3:38  Queen  
  44  3:40  Drone x2  
  48  3:51  Lair  
  47  3:57  Drone x4  
  47  4:01  Extractor, Drone x2  
  51  4:05  Spore Crawler  
  51  4:07  Drone x2  
  52  4:10  Drone x2  
  52  4:12  Drone  
  52  4:16  Overlord  
  53  4:27  Queen  
  53  4:28  Drone x3  
  58  4:32  Metabolic Boost  
  58  4:34  Extractor  
  58  4:38  Drone x3  
  60  4:41  Drone x2  
  60  4:42  Drone  
  60  4:44  Spore Crawler  
  62  4:49  Spore Crawler  
  62  4:52  Hydralisk Den  
  60  4:56  Drone x2  
  60  4:57  Zergling x4  
  60  4:59  Overlord  
  64  5:02  Drone x2  
  64  5:05  Overlord  
  66  5:08  Overlord  
  66  5:18  Overlord  
  66  5:19  Drone x6  
  72  5:22  Extractor, Muscular Augments  
  72  5:25  Hydralisk  
  73  5:31  Hydralisk x2  
  77  5:36  Hydralisk x2  
  77  5:37  Zergling x2  
  81  5:45  Hydralisk  
  81  5:46  Zergling x10  
  88  5:54  Hydralisk x2  
  88  5:56  Hydralisk  
  88  5:57  Zergling x4  
  96  6:00  Zergling x2  
  96  6:01  Overlord  
  97  6:05  Overlord x2  
  97  6:13  Overlord  
  97  6:16  Overlord x2  
  97  6:19  Hydralisk x3  
  97  6:20  Hydralisk  
  105  6:26  Zergling x6, Grooved Spines  
  105  6:29  Hydralisk  
  105  6:31  Zergling x4  
  112  6:33  Zergling x4  
  112  6:37  Hydralisk x2  
  118  6:43  Zergling x10  
  119  6:54  Hydralisk x4  
  123  7:02  Zergling x10  
  126  7:10  Hydralisk x3  
  128  7:17  Drone x4  
  128  7:20  Drone  
  128  7:21  Drone  
  128  7:26  Drone  
  128  7:27  Drone x3  
  125  7:32  Hatchery  
  125  7:33  Lurker Den  
  125  7:34  Drone x5  
  128  7:37  Extractor  
  128  7:38  Extractor  
  128  7:40  Drone x4  
  130  7:45  Drone  
  130  7:46  Drone  
  130  7:49  Infestation Pit  
  131  7:52  Hydralisk  
  131  7:57  Hydralisk x2, Evolution Chamber  
  136  8:03  Hydralisk x4  
  136  8:05  Overlord  
  144  8:10  Overlord x2  
  144  8:13  Overlord  
  142  8:21  Drone x3  
  142  8:26  Zerg Missile Weapons Level 1, Hive  
  142  8:29  Drone x4  
  142  8:30  Lurker  
  142  8:31  Lurker  
  142  8:33  Drone x2  
  150  8:35  Overlord  
  150  8:38  Drone  
  150  8:39  Overlord  
  150  8:43  Lurker x2  
  150  8:55  Lurker x2  
  152  8:59  Extractor  
  152  9:01  Hydralisk x2  
  152  9:02  Zergling x16  
  163  9:03  Zergling x2  
  163  9:04  Extractor  
  163  9:13  Hydralisk x4  
  163  9:16  Drone x2  
  163  9:17  Drone x4  
  174  9:19  Drone, Spore Crawler  
  174  9:20  Drone  
  178  9:34  Hydralisk x6  
  190  9:41  Seismic Spines  
  187  9:52  Drone  
  187  9:53  Drone x2  
  187  9:54  Hydralisk x5  
  178  10:05  Evolution Chamber  
  172  10:07  Hydralisk  
  172  10:08  Hydralisk x4  
  177  10:16  Drone x6  
  177  10:19  Viper  
  177  10:20  Zergling x16  
  193  10:36  Spine Crawler, Hatchery  
  193  10:37  Spine Crawler x3  
  193  10:40  Lurker  
  193  10:41  Zergling x10  
  191  11:00  Hydralisk x3  
Show
View Real Time Build Order
Export as new Build Order

SKillous Protoss - Winner!

Build Orders: 1 Gate Expand, Oracle Opening 

Get SALT Encoding   

  12  0:00  Probe  
  13  0:12  Probe  
  14  0:19  Pylon  
  14  0:24  Probe  
  15  0:37  Probe (Chrono Boost)  
  15  0:38  Gateway  
  16  0:42  Assimilator  
  16  0:46  Probe (Chrono Boost)  
  17  0:53  Probe  
  18  1:05  Probe  
  19  1:17  Probe  
  20  1:23  Nexus  
  20  1:35  Cybernetics Core  
  20  1:36  Probe  
  21  1:44  Assimilator  
  21  1:48  Probe  
  21  1:52  Pylon  
  22  2:01  Probe  
  23  2:08  Adept (Chrono Boost)  
  23  2:13  Probe  
  26  2:16  Stargate  
  26  2:22  Pylon  
  26  2:25  Probe  
  30  2:41  Gateway  
  30  2:42  Probe x2  
  29  2:51  Warp Gate  
  29  2:54  Probe x2  
  29  2:57  Oracle (Chrono Boost)  
  34  3:06  Probe  
  34  3:09  Shield Battery  
  34  3:11  Probe  
  36  3:19  Probe  
  37  3:23  Probe  
  38  3:30  Gateway  
  38  3:31  Probe  
  43  3:35  Void Ray (Chrono Boost)  
  43  3:37  Probe  
  44  3:43  Probe  
  45  3:49  Probe  
  45  3:55  Probe  
  47  3:58  Nexus  
  47  4:01  Probe  
  48  4:02  Pylon  
  48  4:06  Oracle (Chrono Boost)  
  48  4:07  Probe  
  52  4:13  Probe  
  53  4:18  Assimilator  
  53  4:19  Assimilator, Probe  
  54  4:25  Probe  
  54  4:28  Twilight Council  
  55  4:31  Probe  
  55  4:37  Probe, Pylon  
  57  4:39  Gateway  
  57  4:41  Gateway  
  57  4:46  Probe  
  57  4:48  Adept  
  57  4:51  Probe  
  61  4:54  Shield Battery  
  61  4:56  Robotics Facility  
  61  4:58  Probe  
  62  5:00  Blink (Chrono Boost)  
  62  5:03  Probe  
  63  5:10  Gateway, Probe (Chrono Boost)  
  63  5:12  Probe (Chrono Boost)  
  65  5:17  Probe (Chrono Boost)  
  66  5:23  Forge, Probe (Chrono Boost)  
  66  5:24  Probe (Chrono Boost)  
  66  5:28  Stalker, Probe (Chrono Boost)  
  71  5:30  Probe x2 (Chrono Boost)  
  71  5:32  Probe (Chrono Boost)  
  71  5:33  Pylon  
  74  5:38  Sentry x2  
  74  5:40  Probe  
  74  5:41  Probe  
  80  5:46  Robotics Bay  
  80  5:52  Probe x2  
  80  5:56  Stalker  
  84  5:58  Shield Battery  
  84  5:59  Protoss Ground Weapons Level 1 (Chrono Boost), Probe  
  84  6:00  Pylon  
  85  6:04  Assimilator  
  85  6:05  Sentry, Stalker  
  85  6:06  Probe  
  85  6:07  Assimilator, Probe  
  91  6:12  Stalker  
  91  6:14  Pylon  
  91  6:15  Pylon  
  91  6:18  Probe x2  
  94  6:25  Gateway  
  95  6:26  Gateway  
  95  6:31  Stalker x3  
  101  6:35  Photon Cannon  
  101  6:36  Colossus (Chrono Boost)  
  107  6:43  Photon Cannon  
  107  6:47  Sentry  
  109  6:55  Stalker x3  
  115  7:10  Extended Thermal Lance  
  115  7:12  Stalker  
  117  7:24  Pylon  
  117  7:25  Charge  
  117  7:26  Pylon  
  117  7:27  Pylon  
  117  7:28  Pylon  
  115  7:32  Shield Battery  
  115  7:33  Pylon  
  115  7:38  Pylon  
  115  7:41  Pylon, Colossus (Chrono Boost)  
  115  7:42  Probe  
  116  7:46  Pylon  
  116  7:49  Stalker x5  
  132  7:55  Gateway x2  
  132  7:59  Gateway  
  132  8:10  Nexus, Pylon, Probe  
  133  8:13  Pylon  
  133  8:14  Templar Archives  
  129  8:30  Robotics Facility  
  129  8:31  Probe  
  130  8:34  Stalker x6  
  130  8:35  Probe  
  130  8:39  Protoss Ground Weapons Level 2 (Chrono Boost), Shield Battery  
  143  8:49  Probe x2  
  143  8:51  Observer (Chrono Boost)  
  146  8:57  Gateway  
  146  8:58  Gateway  
  146  9:00  Zealot x4  
  154  9:03  Probe  
  155  9:14  Probe  
  155  9:16  Disruptor  
  156  9:19  Probe  
  156  9:20  Probe  
  156  9:23  Assimilator, Probe  
  163  9:27  Zealot x6, Assimilator  
  175  9:35  Zealot x3  
  181  9:39  Probe x2  
  181  9:41  Disruptor  
  187  9:50  Photon Cannon  
  187  9:52  Disruptor (Chrono Boost)  
  187  9:53  Photon Cannon  
  183  10:03  High Templar x5  
  191  10:07  High Templar  
  191  10:08  Archon x2, Photon Cannon  
  191  10:11  Photon Cannon  
  191  10:12  Archon  
  193  10:14  Disruptor (Chrono Boost)  
  193  10:17  Zealot  
  187  10:25  Disruptor (Chrono Boost)  
  187  10:27  Nexus  
  189  10:29  Pylon  
  189  10:32  High Templar x2, Pylon  
  193  10:36  Forge  
  193  10:37  Archon  
  193  10:40  Zealot  
  195  10:45  Shield Battery  
  177  11:11  Zealot x9  
  177  11:12  Zealot x2  

Tags
 
Add a new tag
Caveats
  • Supply blocks, unpowered buildings, or Contaminate may cause inaccurate times.
  • Supply counts are checked every 10 seconds.